 Dungeon Crawl Stone Soup version 0.25-a0-161-gb7fd73da8f (webtiles) character file.

Game seed: 12983567643978357238, levelgen mode: deterministic

11 MisterFreud the Magician (level 2, 0/13 HPs)
             Began as a Felid Wanderer on Nov 21, 2019.
             Slain by a hobgoblin (2 damage)
             ... on level 1 of the Dungeon.
             The game lasted 00:01:25 (528 turns).

MisterFreud the Magician (Felid Wanderer)            Turns: 528, Time: 00:01:26

Health: 0/13       AC:  1    Str:  8    XL:     2   Next: 13%
Magic:  9/9        EV: 15    Int: 15    God:
Gold:   25         SH:  0    Dex: 13    Spells: 8/11 levels left
                                        Lives:  0   Deaths: 0

rFire    . . .     SeeInvis +   (weapon unavailable)
rCold    . . .     Gourm    .   (shield unavailable)
rNeg     + . .     Faith    .   (armour unavailable)
rPois    .         Spirit   .   (helmet unavailable)
rElec    .         Reflect  .   (cloak unavailable)
rCorr    .         Harm     .   (gloves unavailable)
MR       .....                  (boots unavailable)
Stlth    ++........             (no amulet)
HPRegen  0.04/turn              e - ring of positive energy
MPRegen  0.11/turn              (no ring)

@: quick
A: very small, no armour, no weapons or thrown items, stealth, claws 1, fangs 3,
see invisible, carnivore, speed 1, shaggy fur 1, slow metabolism 1, sharp paws
a: no special abilities


You were on level 1 of the Dungeon.
You were full.

You visited 1 branch of the dungeon, and saw 1 of its levels.

You collected 25 gold pieces.

Inventory:

Jewellery
 e - a ring of positive energy (left paw)
Wands
 a - a wand of enslavement (15)
Scrolls
 c - a scroll of enchant armour {unknown}
Potions
 b - a potion of degeneration {unknown}
Comestibles
 d - a ration


   Skills:
 * Level 1.8 Fighting
 - Level 1.3 Stealth
 - Level 5.0 Spellcasting
   Level 1.0 Necromancy
 - Level 3.0 Translocations
 - Level 1.1 Evocations


You had 8 spell levels left.
You knew the following spells:

 Your Spells              Type           Power        Failure   Level  Hunger
a - Shock                 Conj/Air       #...         16%         1    None
b - Blink                 Tloc           N/A          7%          2    ##.....

Your spell library contained the following spells:

 Spells                   Type           Power        Failure   Level  Hunger
 Shroud of Golubria       Chrm/Tloc      #.....       13%         2    ##.....
 Stone Arrow              Conj/Erth      #.....       43%         3    ###....


Dungeon Overview and Level Annotations

Branches:
Dungeon (1/15)

Altars:


Innate Abilities, Weirdness & Mutations

You cannot wear armour.
You are incapable of wielding weapons or throwing items.
Your paws allow you to move quietly. (Stealth)
You have sharp claws.
You have razor-sharp teeth.
You have supernaturally acute eyesight. (SInv)
You are carnivorous and can eat meat at any time.
You cover ground quickly.
You are covered in fur. (AC +1)
You have a slow metabolism.
Your sharp claws are effective at attacking unaware monsters.


Message History

You barely miss the hobgoblin. The hobgoblin closely misses you.
You scratch the hobgoblin but do no damage.
The hobgoblin barely misses you.
You scratch the hobgoblin.
The hobgoblin is severely wounded.
The hobgoblin hits you.
You scratch the hobgoblin.
The hobgoblin is almost dead.
The hobgoblin completely misses you.
You closely miss the hobgoblin.
The hobgoblin is almost dead.
The hobgoblin hits you.
You scratch the hobgoblin but do no damage.
The hobgoblin is almost dead.
The hobgoblin hits you.
* * * LOW HITPOINT WARNING * * *
You scratch the hobgoblin but do no damage.
The hobgoblin is almost dead.
The hobgoblin hits you.
You die... ##.
P.♣♣♣ .P #..
P.P♣ P. #.. ...P.. #..
PP.♣P

#.. #PP. #.. #..
#.. #g# ##.#
####@## #...
#.....# #...
##.##..## #...
#.......# #...
♣#######..##...#
#...
...............#
#.[.
♣♣######..#....#
#... #.......#
##..
#.##....########
#..#


You could see a hobgoblin.

Vanquished Creatures
  A leopard gecko (D:1)
  A giant cockroach (D:1)
  2 goblins (D:1)
  2 hobgoblins (D:1)
  2 kobolds (D:1)
8 creatures vanquished.

Notes
Turn   | Place    | Note
-------+----------+-------------------------------------------
     0 | D:1      | MisterFreud the Felid Wanderer began the quest for the Orb.
     0 | D:1      | MisterFreud set off with the following items: a wand of
                  | enslavement (15), a ration; and the following spell
                  | memorised: Shock; and the following spells available to
                  | memorise: Blink, Shroud of Golubria, Stone Arrow
     0 | D:1      | Reached XP level 1. HP: 7/7 MP: 7/7
   153 | D:1      | Reached skill level 1 in Fighting
   367 | D:1      | Reached XP level 2. HP: 13/13 MP: 9/9
   374 | D:1      | Learned a level 2 spell: Blink
   528 | D:1      | Slain by a hobgoblin

Levels and vault maps discovered:
D:1:      minmay_arrival_radiant_lines, layout_loops_corners, serial_forest,
          infiniplex_forest_clump_long, infiniplex_forest_straight_2,
          infiniplex_forest_clump_C, infiniplex_forest_clump_cross,
          infiniplex_forest_end_2, infiniplex_forest_join,
          infiniplex_forest_diagonal

Skill      XL: |  1 |
---------------+----+-----
Fighting       | 1 |  1.8
Stealth        | |  1.3
Spellcasting   | |  5.0
Necromancy     | |  1.0
Translocations | |  3.0
Evocations     | |  1.1

Action                   || total
-------------------------++-------
Melee: Unarmed           ||    58
       Bite              ||     6
  Eat: Chunk             ||     4
Armor: Skin              ||     1
Dodge: Dodged            ||    45

Table legend:
 A = Non-vault XP
 B = Vault XP
 C = Vault XP percentage of total XP
 D = Non-vault monster count
 E = Vault monster count
 F = Vault count percentage of total count
                 A         B        C        D         E       F
            +---------+---------+-------+---------+---------+-------
      Total |      16 |       0 |   0.0 |       8 |       0 |   0.0
            +---------+---------+-------+---------+---------+-------
        D:1 |      16 |       0 |   0.0 |       8 |       0 |   0.0
            +---------+---------+-------+---------+---------+-------
